 Dungeon Crawl Stone Soup version 0.21.0 (webtiles) character file.

66 Plasmagod the Ducker (level 3, -1/15 HPs)
             Began as a Felid Transmuter on Jan 6, 2018.
             Slain by a gnoll
             ... wielding a +0 flail
              (8 damage)
             ... on level 3 of the Dungeon.
             The game lasted 00:22:47 (2154 turns).

Plasmagod the Ducker (Felid Transmuter)             Turns: 2154, Time: 00:22:48

Health: -1/15      AC:  1    Str:  6    XL:     3   Next: 96%
Magic:  6/7        EV: 19    Int: 18    God:
Gold:   108        SH:  0    Dex: 17    Spells: 5/6 levels left
                                        Lives:  0   Deaths: 0

rFire    . . .     SeeInvis +     - Unarmed
rCold    . . .     Gourm    .   (shield unavailable)
rNeg     . . .     Faith    .   (armour unavailable)
rPois    .         Spirit   .   (helmet unavailable)
rElec    .         Reflect  .   (cloak unavailable)
rCorr    .         Harm     .   (gloves unavailable)
MR       .....                  (boots unavailable)
Stlth    ++........             (no amulet)
HPRegen  0.05/turn              j - +4 ring of intelligence
MPRegen  0.10/turn              (no ring)

@: appendage, quick
A: very small, no armour, no weapons or thrown items, stealth, claws 1, fangs 3,
horns 2, see invisible, carnivore, speed 1, shaggy fur 1, slow metabolism 1,
sharp paws
a: End Transformation


You were on level 3 of the Dungeon.
You were full.
You had grown temporary horns.
You visited 1 branch of the dungeon, and saw 3 of its levels.

You collected 108 gold pieces.

Inventory:

Missiles
 a - 25 arrows
Jewellery
 j - a +4 ring of intelligence (left paw)
 r - an uncursed ring of flight {unknown}
Wands
 l - a wand of paralysis (4)
Scrolls
 e - a scroll of remove curse
 g - a scroll of immolation {unknown}
 i - a scroll of blinking
 k - a scroll of enchant weapon {unknown}
 m - a scroll of enchant armour {unknown}
 o - a scroll of identify
Potions
 d - 2 potions of agility {unknown}
 f - a potion of brilliance {unknown}
 h - 3 potions of curing
 n - a potion of lignification {unknown}
 p - a potion of ambrosia {unknown}
 q - a potion of degeneration {unknown}
Books
 b - a book of Changes

   Spells                             Type                      Level
   a - Beastly Appendage              Transmutation                1
   b - Sticks to Snakes               Transmutation                2
   c - Spider Form                    Transmutation/Poison         3
   d - Ice Form                       Ice/Transmutation            4
   e - Blade Hands                    Transmutation                5
Comestibles
 c - 4 rations


   Skills:
 + Level 1.0 Fighting
 * Level 4.1 Dodging
 + Level 0.7 Stealth
 + Level 3.8 Unarmed Combat
 + Level 2.1 Spellcasting
 + Level 2.6 Transmutations


You had 5 spell levels left.
You knew the following spells:

 Your Spells              Type           Power        Failure   Level  Hunger
a - Beastly Appendage     Tmut           ##....       6%          1    #......


Dungeon Overview and Level Annotations

Branches:
Dungeon (3/15)

Altars:
Uskayaw


Innate Abilities, Weirdness & Mutations

You cannot wear armour.
You are incapable of wielding weapons or throwing items.
Your paws allow you to move quietly. (Stealth)
You have sharp claws.
You have razor-sharp teeth.
You have supernaturally acute eyesight. (SInv)
You are carnivorous and can eat meat at any time.
You cover ground quickly.
You are covered in fur. (AC +1)
You have a slow metabolism.
Your sharp claws are effective at attacking unaware monsters.
You have a pair of horns on your head.


Message History

You see here a bubbling purple potion.
q - a bubbling purple potion
Found 2 blue potions and a glass ring.
Found a stone staircase leading up.
You see here a glass ring.
r - a glass ring The goblin completely misses you.
You see here a club.
Casting: Beastly Appendage
Confirm with . or Enter, or press ? or * to list all spells.
You grow a pair of large bovine horns.
The goblin hits you with a club.
You scratch the goblin. You claw the goblin.
You kill the goblin!
Things that are here:
a club x2; a goblin corpse You scratch the gnoll.
You bite the gnoll.
The gnoll is lightly wounded.
The gnoll hits you with a flail!
Ouch! That really hurt!
You die...

...................###.#
####....g...g.......##.###
#g############........# #.#
######## #......!.# ####g#
#......###g.......# .^...#
#........#........# .g...#
#........#..?.....#
.....###........#g.......###
#######.........@..........
..............###........#
...............#<.........
....K.......รท..#####.#.#####
.....g......................
.###################.#.#####
.# .........g.g.K......... .#
#####.gg####.......... .#
#...# #..........


You could see 2 gnolls.

Vanquished Creatures
  A hound skeleton (D:2)
  A gnoll (D:3)
  An adder (D:2)
  2 dart slugs (D:2)
  2 leopard geckos
  2 ball pythons (D:2)
  4 giant cockroaches
  6 goblins
  2 hobgoblins (D:1)
  3 bats
  3 frilled lizards
  2 kobolds
  A rat (D:3)
  A plant (D:1)
31 creatures vanquished.

Notes
Turn   | Place    | Note
-------+----------+-------------------------------------------
     0 | D:1      | Plasmagod the Felid Transmuter began the quest for the Orb.
     0 | D:1      | Reached XP level 1. HP: 9/9 MP: 4/4
   593 | D:1      | Reached skill level 3 in Dodging
   666 | D:1      | Reached XP level 2. HP: 12/12 MP: 6/6
  1315 | D:2      | Reached XP level 3. HP: 14/15 MP: 5/7
  1363 | D:2      | Reached skill level 4 in Dodging
  1470 | D:3      | Found a hide-covered altar of Uskayaw.
  2154 | D:3      | Slain by a gnoll

Skill      XL: |  1  2  3 |
---------------+----------+-----
Dodging        | 3 4 |  4.1
Fighting       | |  1.0
Stealth        | |  0.7
Unarmed Combat | |  3.8
Spellcasting   | |  2.1
Transmutations | |  2.6

Action                   || total
-------------------------++-------
Melee: Unarmed           ||   139
       Bite              ||    21
       Headbutt          ||    13
       Punch             ||     6
 Cast: Beastly Appendage ||    22
  Use: Scroll            ||     3
       Potion            ||     1
 Stab: Sleeping          ||     3
  Eat: Chunk             ||     7
Armor: Skin              ||     5
Dodge: Dodged            ||    68
